AoeStats
← mateus_fz

Black Forest

504333588Analyzed
2v2 RM · 28d ago on Sep 4, 2026· 58m 4s· 4 players
Game mode
Random Map
Map size
Medium (4 player)
Population
200
Speed
Normal
Resources
Standard
Victory
Conquest
Starting age
Dark Age
Ending age
Imperial Age
RankedLock teamsTeams togetherTeam positionsShared explorationLock speedFull tech treeHidden civsTurbo modeCheats
Victory
Defeat
🇧🇷 Romans · Brazil
1017
+8
🇧🇷 Chinese · Brazil
689
+20
🇬🇷 Khmer · Greece
805
-14
🇬🇷 Spanish · Greece
799
-14
Wolfaroth
0:32 Loom
13:03 Feudal Age
18:57 Castle Age
17:05 Double-Bit Axe
17:15 Horse Collar
20:39 Bow Saw
22:28 Heavy Plow
25:34 Gold Mining
26:56 Wheelbarrow
33:28 Imperial Age
31:14 Hand Cart
30:45 Town Watch
32:55 Forging
32:46 Scale Mail Armor
32:51 Scale Barding Armor
32:37 Fletching
32:48 Padded Archer Armor
33:27 Fortified Wall
33:44 Ballistics
33:23 Stone Mining
35:47 Chemistry
35:08 Chain Mail Armor
38:22 Bodkin Arrow
38:43 Leather Archer Armor
39:17 Chain Barding Armor
40:22 Bracer
40:52 Ring Archer Armor
40:58 Iron Casting
40:40 Bloodlines
39:50 Light Cavalry
41:14 Town Patrol
41:02 Hussar
41:21 Capped Ram
42:33 Elite Ballista Elephant
43:14 Tusk Swords
43:35 Conscription
44:59 Heavy Scorpion
46:29 Double Crossbow
47:29 Plate Barding Armor
peritrikala
0:31 Loom
14:14 Feudal Age
20:52 Castle Age
19:54 Horse Collar
20:15 Double-Bit Axe
22:09 Wheelbarrow
22:27 Bow Saw
23:02 Heavy Plow
28:53 Hand Cart
29:12 Ballistics
29:09 Fortified Wall
32:21 Gold Mining
32:37 Caravan
33:45 Stone Mining
36:42 Imperial Age
35:08 Husbandry
35:19 Bloodlines
34:29 Light Cavalry
36:26 Town Watch
37:19 Stone Shaft Mining
37:23 Murder Holes
37:38 Masonry
37:41 Forging
37:22 Fletching
39:01 Two-Man Saw
38:44 Guilds
40:06 Chemistry
39:12 Onager
39:35 Cavalier
43:49 Scale Barding Armor
44:20 Iron Casting
43:46 Scale Mail Armor
43:46 Padded Archer Armor
43:37 Fletching
44:43 Architecture
45:14 Chain Barding Armor
45:09 Paladin
48:38 Squires
50:31 Plate Barding Armor
50:56 Blast Furnace
50:20 Pikeman
mateus_fz
0:32 Loom
12:08 Feudal Age
14:22 Wheelbarrow
13:36 Town Watch
15:12 Horse Collar
18:39 Gold Mining
18:39 Double-Bit Axe
23:08 Castle Age
25:14 Town Patrol
25:49 Caravan
26:27 Coinage
28:04 Stone Mining
31:09 Heavy Plow
34:46 Great Wall
34:56 Murder Holes
35:13 Fortified Wall
34:38 Pikeman
34:39 Man-at-Arms
35:19 Squires
35:04 Arson
35:40 Forging
35:30 Scale Mail Armor
35:36 Scale Barding Armor
35:31 Padded Archer Armor
35:21 Fletching
35:53 Hand Cart
36:35 Bloodlines
36:25 Husbandry
35:46 Light Cavalry
41:01 Imperial Age
38:28 Long Swordsman
40:51 Chain Mail Armor
41:34 Bodkin Arrow
42:18 Conscription
43:08 Chemistry
42:21 Masonry
43:25 Heavy Scorpion
43:29 Crossbowman
44:15 Thumb Ring
43:30 Elite Skirmisher
45:50 Banking
44:49 Two-Handed Swordsman
45:54 Leather Archer Armor
46:43 Stone Shaft Mining
46:55 Gold Shaft Mining
46:46 Heavy Rocket Cart
47:06 Elite Fire Lancer
51:25 Champion
53:00 Cavalier
xr0015
0:45 Loom
10:22 Feudal Age
10:57 Horse Collar
11:05 Double-Bit Axe
20:54 Castle Age
18:55 Stone Mining
20:37 Gold Mining
23:48 Caravan
24:01 Scale Barding Armor
26:13 Wheelbarrow
28:21 Gold Shaft Mining
31:43 Imperial Age
30:01 Scale Mail Armor
30:58 Town Watch
30:51 Man-at-Arms
30:59 Pikeman
31:01 Elite Skirmisher
32:42 Bow Saw
32:35 Heavy Plow
33:06 Chain Mail Armor
32:12 Long Swordsman
32:13 Halberdier
33:49 Forging
33:32 Fletching
35:01 Squires
35:27 Elite Centurion
36:11 Padded Archer Armor
37:43 Iron Casting
37:58 Gold Shaft Mining
37:51 Conscription
39:38 Blast Furnace
38:12 Capped Ram
40:17 Comitatenses
40:45 Ballistics
40:19 Siege Ram
40:35 Legionary
43:52 Chemistry
42:52 Bodkin Arrow
43:18 Chain Barding Armor
45:38 Plate Barding Armor
45:19 Leather Archer Armor
45:17 Masonry
46:35 Ring Archer Armor
51:03 Ballistas
51:03 Murder Holes
Connection lost

Rejoining the realm…

Still unreachable

The connection could not be restored.

Session expired

The server has moved on; the page needs a fresh start.